 Dungeon Crawl Stone Soup version 0.23.2-42-gf373564dc4 (webtiles) character file.

Game seed: 583521497518154724

15 sd5bot the Chopper (level 2, 0/28 HPs)
             Began as a Gargoyle Berserker on Dec 5, 2019.
             Was a Follower of Trog.
             Slain by a gnoll
             ... wielding a +0 halberd
              (9 damage)
             ... on level 1 of the Dungeon.
             The game lasted 00:01:28 (526 turns).

sd5bot the Chopper (Gargoyle Berserker)              Turns: 526, Time: 00:01:29

Health: 0/28       AC:  4    Str: 25    XL:     2   Next: 50%
Magic:  2/2        EV: 12    Int:  7    God:    Trog [*.....]
Gold:   68         SH:  0    Dex:  9    Spells: 1/1 levels left

rFire    . . .     SeeInvis .   a - +0 hand axe
rCold    . . .     Gourm    .   (no shield)
rNeg     + . .     Faith    .   b - +0 animal skin
rPois    ∞         Spirit   .   (no helmet)
rElec    +         Reflect  .   (no cloak)
rCorr    .         Harm     .   (no gloves)
MR       .....                  (no boots)
Stlth    ..........             (no amulet)
HPRegen  0.09/turn              (no ring)
MPRegen  0.08/turn              (no ring)

@: berserking, very quick
A: negative energy resistance 1, electricity resistance, unbreathing,
petrification resistance, rot immunity, AC +2
a: Berserk, Renounce Religion


You were on level 1 of the Dungeon.
You worshipped Trog.
Trog was aware of your devotion.
You were not hungry.

You visited 1 branch of the dungeon, and saw 1 of its levels.

You collected 68 gold pieces.


Innate Abilities, Weirdness & Mutations

You are resistant to torment.
Your stone body is resilient. (AC +2)
You are immune to poison.
You resist negative energy. (rN+)
You are resistant to electric shocks. (rElec)
You can survive without breathing.
You are immune to petrification.
You are immune to rotting.


   Skills:
 - Level 3.2 Fighting
 + Level 3.4 Axes
 - Level 2.1 Armour
 - Level 1.5 Dodging


You had one spell level left.
You didn't know any spells.
Your spell library was empty.

Inventory:

Hand Weapons
 a - a +0 hand axe (weapon)
 i - a +0 whip
Armour
 b - a +0 animal skin (worn)
 g - a +0 pair of boots
 h - a +0 leather armour
 k - a +1 pair of gloves
Scrolls
 e - a scroll of noise {unknown}
Potions
 d - a potion of curing {unknown}
 j - a potion of magic {unknown}
Comestibles
 c - a ration

Dungeon Overview and Level Annotations

Branches:
Dungeon (1/15)

Altars:


Message History

The hobgoblin barely misses you.
You hit the hobgoblin but do no damage. The hobgoblin barely misses you.
You closely miss the hobgoblin.
The hobgoblin hits you but does no damage.
You closely miss the hobgoblin. The hobgoblin barely misses you.
All of the chunks of flesh in your inventory have rotted away.
525 ||| INVOKING Berserk.
A red film seems to cover your vision as you go berserk!
You feel yourself moving faster!
You feel mighty!
You feel quite a bit more hungry.
The gnoll hits you from afar with a +0 halberd!
Ouch! That really hurt!
The hobgoblin hits you but does no damage.
You slash the hobgoblin!
You kill the hobgoblin!
Trog accepts your kill.
The gnoll hits you from afar with a +0 halberd!
You die...

# ######### # #.@.)...######
########## #..%.........g
.........######...g.........
............................
.........##.###.............
.........##.# ##............
.........##.####.....###.g..
....##.#.##.##.......# ....
#####..#..##.........# ...


You could see a gnoll.

Vanquished Creatures
  A leopard gecko (D:1)
  2 goblins (D:1)
  2 hobgoblins (D:1)
  A kobold (D:1)
  2 bats (D:1)
  2 frilled lizards (D:1)
  4 rats (D:1)
14 creatures vanquished.

Notes
Turn   | Place    | Note
-------+----------+-------------------------------------------
     0 | D:1      | sd5bot the Gargoyle Berserker began the quest for the Orb.
     0 | D:1      | Reached XP level 1. HP: 14/14 MP: 1/1
     0 | D:1      | 0 ||| counter = 1
   189 | D:1      | Reached skill level 3 in Axes
   331 | D:1      | Reached XP level 2. HP: 19/19 MP: 2/2
   525 | D:1      | 525 ||| INVOKING Berserk.
   526 | D:1      | Slain by a gnoll

Levels and vault maps discovered:
D:1:      evilmike_arrival_fibonacci_small, layout_basic, interstate_on_off,
          kennysheep_small_spiral

Skill      XL: |  1 |
---------------+----+-----
Axes           | 3 |  3.4
Fighting       | |  3.2
Armour         | |  2.1
Dodging        | |  1.5

Action                   || total
-------------------------++-------
Melee: Hand axe          ||    45
Invok: Berserk           ||     1
Armor: Animal skin       ||    13
Dodge: Dodged            ||    19

Table legend:
 A = Non-vault XP
 B = Vault XP
 C = Vault XP percentage of total XP
 D = Non-vault monster count
 E = Vault monster count
 F = Vault count percentage of total count
                 A         B        C        D         E       F
            +---------+---------+-------+---------+---------+-------
      Total |      21 |       1 |   4.5 |      13 |       1 |   7.1
            +---------+---------+-------+---------+---------+-------
        D:1 |      21 |       1 |   4.5 |      13 |       1 |   7.1
            +---------+---------+-------+---------+---------+-------
